AoeStats
← Badaxer

Lombardia

509950270Analyzed
4v4 RM · 4d ago on Sep 28, 2026· 22m 1s· 8 players
Game mode
Random Map
Map size
Large (8 player)
Population
200
Speed
Normal
Resources
Standard
Victory
Conquest
Starting age
Dark Age
Ending age
Imperial Age
RankedLock teamsTeams togetherTeam positionsShared explorationLock speedFull tech treeHidden civsTurbo modeCheats
Victory
Defeat
🇨🇳 Magyars · China
1579
+10
🇹🇼 Jurchens · Taiwan
1444
+16
🇨🇳 Mongols · China
1369
+19
🇨🇳 Persians · China
1281
+23
🇹🇷 Khmer · Türkiye
1461
-18
🇮🇳 Saracens · India
1441
-17
🇮🇹 Varangians · Italy
1432
-17
🇫🇷 Berbers · France
1417
-16
Yokolucu
11:35 Feudal Age
14:24 Castle Age
13:09 Double-Bit Axe
13:06 Horse Collar
15:21 Bow Saw
16:26 Heavy Plow
17:15 Wheelbarrow
Badaxer
10:06 Loom
11:54 Feudal Age
12:25 Feudal Age
13:53 Double-Bit Axe
20:49 Castle Age
piantaz
6:37 Loom
9:15 Feudal Age
10:46 Double-Bit Axe
10:58 Horse Collar
14:16 Wheelbarrow
15:30 Bloodlines
21:40 Castle Age
Cheetah
7:13 Loom
10:46 Feudal Age
11:33 Double-Bit Axe
16:17 Horse Collar
16:48 Fletching
19:18 Wheelbarrow
20:23 Gold Mining
24:36 Castle Age
860
11:54 Feudal Age
17:43 Castle Age
16:58 Double-Bit Axe
18:59 Bow Saw
18:33 Horse Collar
20:21 Loom
21:01 Fletching
柠檬头的喜悦
8:56 Feudal Age
9:33 Double-Bit Axe
9:37 Horse Collar
14:01 Loom
15:47 Scale Barding Armor
20:48 Castle Age
19:20 Gold Mining
19:48 Bloodlines
22:00 Husbandry
22:07 Fletching
859
6:33 Loom
11:14 Feudal Age
12:37 Double-Bit Axe
16:13 Castle Age
13:57 Horse Collar
15:59 Wheelbarrow
19:09 Bow Saw
19:11 Heavy Plow
21:47 Scale Barding Armor
LinCS
8:56 Feudal Age
8:55 Loom
9:30 Double-Bit Axe
15:12 Horse Collar
21:11 Castle Age
19:40 Forging
20:11 Bloodlines
21:42 Scale Barding Armor
22:51 Iron Casting
22:17 Gold Mining
Connection lost

Rejoining the realm…

Still unreachable

The connection could not be restored.

Session expired

The server has moved on; the page needs a fresh start.